 Dungeon Crawl Stone Soup version 0.26.1-10-gdfb7c7de75 (webtiles) character file.

Game seed: 12268776046256277524

58 Chiseanne the Magician (level 3, 0/24 HPs)
             Began as a Demonspawn Hedge Wizard on Apr 5, 2021.
             Slain by a gnoll
             ... wielding a +0 club
              (8 damage)
             ... on level 1 of the Dungeon.
             The game lasted 00:04:23 (2333 turns).

Chiseanne the Magician (Demonspawn Hedge Wizard)    Turns: 2333, Time: 00:04:23

Health: 0/24       AC:  3    Str: 10    XL:     3   Next: 75%
Magic:  0/8        EV: 12    Int: 16    God:
Gold:   38         SH:  0    Dex: 12    Spells: 3/9 levels left

rFire    . . .     SeeInvis .   a - +1 short sword
rCold    . . .     Faith    .   (no shield)
rNeg     . . .     Spirit   +   h - +0 robe (curse)
rPois    .         Reflect  .   c - +0 hat
rElec    .         Harm     .   (no cloak)
rCorr    .         Rampage  .   m - +0 pair of gloves
Will     .....                  (no boots)
Stlth    ++........             (no amulet)
HPRegen  0.08/turn              (no ring)
MPRegen  0.11/turn              (no ring)

@: no status effects
A: magic shield
a: no special abilities


You were on level 1 of the Dungeon.
You visited 1 branch of the dungeon, and saw 2 of its levels.

You collected 38 gold pieces.

Inventory:

Hand Weapons
 a - a +1 short sword (weapon)
Missiles
 d - 42 bolts
 g - 18 arrows
Armour
 b - a +0 buckler
 c - a +0 hat (worn)
 h - a cursed +0 robe (worn)
 m - a +0 pair of gloves (worn)
Jewellery
 e - an uncursed ring of willpower {unknown}
Scrolls
 k - a scroll of remove curse
Potions
 i - a potion of curing {unknown}
 j - a potion of heal wounds {unknown}
 l - a potion of might {unknown}


   Skills:
 - Level 1.7 Dodging
 - Level 1.7 Stealth
 - Level 3.8 Spellcasting
 - Level 2.6 Conjurations
 - Level 1.0 Summonings
 - Level 0.8 Translocations
 * Level 0.0 Air Magic
 * Level 0.0 Poison Magic


You had 3 spell levels left.
You knew the following spells:

 Your Spells              Type           Power        Failure   Level
a - Magic Dart            Conj           44%          6%          1
b - Blink                 Tloc           N/A          19%         2
d - Mephitic Cloud        Conj/Pois/Air  5%           34%         3

Your spell library contained the following spells:

 Spells                   Type           Power        Failure   Level
 Call Imp                 Summ           6%           17%         2
 Slow                     Hex            3%           26%         2
 Conjure Flame            Conj/Fire      7%           30%         3


Dungeon Overview and Level Annotations

Branches:
Dungeon (2/15)

Altars:


Innate Abilities, Weirdness & Mutations

When hurt, damage is shared between your health and your magic reserves.


Message History

The gnoll hits you with a +0 club.
* * * LOW HITPOINT WARNING * * *
There is a stone staircase leading down here.
Casting: Blink (safe; 19% risk of failure)
Confirm with . or Enter, or press ? or * to list all spells.
Aiming: Magic Dart (safe; 6% risk of failure)
Press: ? - help, Shift-Dir - straight line, f - gnoll
Aim: a gnoll, wielding a +0 club (0% to evade)
The magic dart hits the gnoll.
The gnoll is lightly wounded.
The gnoll hits you but does no damage.
Casting: Magic Dart (safe; 6% risk of failure)
Confirm with . or Enter, or press ? or * to list all spells.
Aiming: Magic Dart (safe; 6% risk of failure)
Press: ? - help, Shift-Dir - straight line, f/p - gnoll
Aim: a gnoll, wielding a +0 club (lightly wounded, 0% to evade)
The magic dart hits the gnoll but does no damage.
The gnoll is lightly wounded.
The gnoll hits you with a +0 club!
You die...

#..####)###.####..###...##
##.####.###.# #..##.###.#
#..)........# #.....# #.#
##.####...### #.###.###.#
#.# ###s#
#g#.##...######### #.# #.#
#..#.##........... ##)##
##.## ##.###.############
#...####...####g## ##s#
.............###@###.##
..(.##.#...#.# ##.#.##
.#.###.##.##s# ##.## .#.#
#.##.##.# #.# .#.#
#.##.##.# #.# .#.#
#.##.##s#####.##### ##
.#.# #.##.##....s......#
#. )#.#
#.##.##.#########.# #.
...###.##.##.# #.# #.


You could see a gnoll.

Vanquished Creatures
  A gnoll (D:1)
  An adder (D:2)
  A dart slug (D:1)
  2 leopard geckos (D:1)
  A ball python (D:1)
  A giant cockroach (D:1)
  6 goblins
  6 hobgoblins
  3 jackals (D:2)
  4 kobolds
  5 bats
  A frilled lizard (D:1)
  A rat (D:1)
33 creatures vanquished.

Notes
Turn   | Place    | Note
-------+----------+-------------------------------------------
     0 | D:1      | Chiseanne the Demonspawn Hedge Wizard began the quest for
                  | the Orb.
     0 | D:1      | Reached XP level 1. HP: 13/13 MP: 4/4
   271 | D:1      | Gained mutation: When hurt, damage is shared between your
                  | health and your magic reserves. [demonic ancestry]
   271 | D:1      | Reached XP level 2. HP: 19/19 MP: 0/6
  1445 | D:2      | Chiseanne: yeah right
  1448 | D:2      | Reached XP level 3. HP: 18/24 MP: 1/8
  1990 | D:2      | Noticed a scorpion
  2224 | D:1      | Learned a level 2 spell: Blink
  2228 | D:1      | Learned a level 3 spell: Mephitic Cloud
  2333 | D:1      | Slain by a gnoll

Illustrated notes

Levels and vault maps discovered:
D:1:      minmay_arrival_split_and_join, layout_loops_ring,
          kennysheep_pointless_box, wad_floor_pattern_1
D:2:      layout_loops_cross, old_standard_altar,
          nicolae_overflow_crystal_walls, minmay_randomly_rotated_circles

Skill      XL: |  1  2 |
---------------+-------+-----
Conjurations   | 2 |  2.6
Dodging        | |  1.7
Stealth        | |  1.7
Spellcasting   | |  3.8
Summonings     | |  1.0
Translocations | |  0.8

Action                   || total
-------------------------++-------
Melee: Dagger            ||    12
       Short sword       ||    14
 Cast: Magic Dart        ||    88
       Blink             ||     1
  Use: Scroll            ||     4
       Potion            ||     1
Armor: Robe              ||     8
Dodge: Dodged            ||    39
